 Dungeon Crawl Stone Soup version 0.24.0-123-gd5b16e6ec5 (webtiles) character file.

Game seed: 11993470397622762325, levelgen mode: deterministic

2374 AuftragZ the Cleaver (level 9, -8/81 HPs)
             Began as a Deep Dwarf Fighter on Jan 21, 2020.
             Was a Plaything of Xom.
             Mangled by an orc warrior
             ... wielding a +0 halberd
              (20 damage)
             ... on level 8 of the Dungeon.
             The game lasted 00:29:08 (5142 turns).

AuftragZ the Cleaver (Deep Dwarf Fighter)           Turns: 5142, Time: 00:29:08

Health: -8/81      AC:  7    Str: 22    XL:     9   Next: 21%
Magic:  14/14 (5)  EV: 10    Int: 10    God:    Xom [....*.]
Gold:   334        SH: 11    Dex: 12    Spells: 8/8 levels left

rFire    . . .     SeeInvis .   a - +0 war axe
rCold    . . .     Gourm    .   c - +0 shield
rNeg     . . .     Faith    .   b - +1 scale mail
rPois    .         Spirit   .   (no helmet)
rElec    .         Reflect  .   (no cloak)
rCorr    .         Harm     .   (no gloves)
MR       +....     Clarity  +   (no boots)
Stlth    ..........             e - amulet of regeneration
HPRegen  0.00/turn              (no ring)
MPRegen  0.14/turn              g - ring of magical power

@: non-regenerating, studying Transmutations
A: damage resistance, heal wounds, icy blue scales 1, blink, clarity, deformed
body, sense surroundings 2, no regeneration
a: Heal Wounds, Blink, Renounce Religion


You were on level 8 of the Dungeon.
You worshipped Xom.
You were a beloved toy of Xom.
You were not hungry.

You visited 2 branches of the dungeon, and saw 9 of its levels.

You collected 334 gold pieces.

Inventory:

Hand Weapons
 a - a +0 war axe (weapon)
Armour
 b - a +1 scale mail (worn)
 c - a +0 shield (worn)
Jewellery
 e - an amulet of regeneration (around neck)
 g - a ring of magical power (right hand)
 h - the amulet of Zuguaj Dee {+Rage Int+4 Slay+2}
   (You took it off an orc on level 4 of the Dungeon)

   [amulet of rage]

   It affects your intelligence (+4).
   It affects your accuracy and damage with ranged weapons and melee attacks
   (+2).
   It lets you go berserk.
 i - a +4 amulet of reflection
 m - the amulet "Piotoaj" {RegenMP Str+6 Int+2}
   (You found it on level 4 of the Dungeon)

   [amulet of magic regeneration]

   It increases your magic regeneration.
   It affects your strength (+6).
   It affects your intelligence (+2).
Wands
 o - a wand of flame (8)
Scrolls
 j - 2 scrolls of blinking
 l - 4 scrolls of identify
 n - a scroll of teleportation
Potions
 d - 2 potions of might
 p - 2 potions of haste
 q - a potion of curing
 r - a potion of flight
 t - a potion of heal wounds
Books
 s - a manual of Transmutations
Comestibles
 f - 12 rations


   Skills:
 + Level 5.0 Fighting
 + Level 8.6 Axes
 + Level 6.6 Armour
 + Level 3.3 Dodging
 + Level 1.1 Stealth
 + Level 7.2 Shields


You had 8 spell levels left.
You didn't know any spells.
Your spell library contained the following spells:

 Spells                   Type           Power        Failure   Level  Hunger
 Confusing Touch          Hex            #.....       94%         1    ##.....
 Confuse                  Hex            #.......     100%        3    ####...
 Gell's Gravitas          Tloc           #.........   100%        3    ####...
 Petrify                  Tmut/Erth      #.......     100%        4    #####..
 Metabolic Englaciation   Hex/Ice        #.........   100%        5    ######.
 Yara's Violent Unravell  Hex/Tmut       #.........   100%        5    ######.


Dungeon Overview and Level Annotations

Branches:
Dungeon (8/15)             Temple (1/1) D:5            Lair (0/6) D:8

Altars:
Ashenzari
Cheibriados
Dithmenos
Elyvilon
Fedhas
Gozag
Hepliaklqana
Kikubaaqudgha
Makhleb
Nemelex Xobeh
Okawaru
Qazlal
Ru
Sif Muna
Trog
Uskayaw
Vehumet
Wu Jian
Xom
Yredelemnul
Zin
The Shining One

Shops:
D:5 =


Innate Abilities, Weirdness & Mutations

You are resistant to damage.
You can heal yourself by infusing magical energy.
You passively map the area around you.
You do not regenerate.
You are partially covered in icy blue scales. (AC +2)
You can translocate small distances at will.
You possess an exceptional clarity of mind.
Armour fits poorly on your strangely shaped body.


Message History

The warg is almost dead.
The warg bites you. You block the orc warrior's attack.
You miss the warg.
The warg is almost dead.
The warg bites you but does no damage.
The orc warrior hits you from afar with a +0 halberd!
* * * LOW HITPOINT WARNING * * *
You block the warg's attack.
You hit the warg.
You kill the warg!
You block the orc warrior's attack.
You hit the two-headed ogre but do no damage.
The two-headed ogre hits you with a +0 giant club. x2
You block the orc warrior's attack.
You fail to use your ability.
You block the two-headed ogre's attack.
The two-headed ogre hits you with a +0 giant club!
* * * LOW HITPOINT WARNING * * *
The orc warrior hits you from afar with a +0 halberd!!
You die...
Xom chortles!

* , *
###########.####.#
.
#.................
, ,,,hP
#.###############.
, o.. #.# #.
,{.o.**#.# #. *
>.h...##.# #. *,
,...o.oo.# #.
.O..###O# #. , (.
#@# #. ,* ,,,, #.#
, , ,..# * * * * *
, * .... , , , **
* **##... * * , ,
, ..###* , , *## *
* , ,, , *, , , *
, , * *


You could see a two-headed ogre and an orc warrior.

Vanquished Creatures
  Eustachio (D:4)
  2 wargs (D:8)
  Edmund (D:5)
  2 black bears
  An ice beast (D:7)
  A phantom (D:6)
  An eye of draining (D:6)
  5 ogres
  3 bullfrogs
  2 howler monkeys
  4 crimson imps
  2 jellies
  2 hounds
  2 orc wizards (D:5)
  An orc priest (D:5)
  2 iguanas (D:7)
  4 worker ants
  2 hound skeletons
  5 gnolls
  A howler monkey skeleton (D:3)
  4 adders
  3 oozes
  2 worms
  2 dart slugs (D:3)
  4 leopard geckos
  13 orcs
  2 ball pythons
  4 giant cockroaches
  4 goblins
  7 hobgoblins
  4 jackals (D:4)
  5 quokkas
  11 bats
  A frilled lizard (D:2)
  8 kobolds
  A leopard gecko zombie (D:6)
  A quokka skeleton (D:4)
  7 plants (D:7)
  5 withered plants (D:7)
132 creatures vanquished.

Vanquished Creatures (others)
  An orc wizard (D:5)
  An adder (D:7)
2 creatures vanquished.

Grand Total: 134 creatures vanquished

Notes
Turn   | Place    | Note
-------+----------+-------------------------------------------
     0 | D:1      | AuftragZ the Deep Dwarf Fighter began the quest for the
                  | Orb.
     0 | D:1      | Reached XP level 1. HP: 20/20 MP: 1/1
    74 | D:1      | Reached XP level 2. HP: 27/27 MP: 2/2
   498 | D:2      | Reached XP level 3. HP: 33/34 MP: 3/3
  1079 | D:3      | Reached XP level 4. HP: 31/42 MP: 4/4
  1116 | D:3      | Found a sparkling altar of Nemelex Xobeh.
  1122 | D:3      | Reached skill level 3 in Axes
  1122 | D:3      | Reached skill level 1 in Dodging
  1209 | D:3      | Reached XP level 5. HP: 49/49 MP: 4/4
  1319 | D:3      | Found a shimmering blue altar of Sif Muna.
  1749 | D:4      | Reached skill level 4 in Axes
  1866 | D:4      | Found a shimmering altar of Xom.
  1868 | D:4      | Reached XP level 6. HP: 45/56 MP: 5/5
  1876 | D:4      | Found a shimmering altar of Xom.
  1892 | D:4      | Found a shimmering altar of Xom.
  1892 | D:4      | Found a shimmering altar of Xom.
  1892 | D:4      | Found a shimmering altar of Xom.
  1899 | D:4      | Found a shimmering altar of Xom.
  1899 | D:4      | Found a shimmering altar of Xom.
  1909 | D:4      | Became a worshipper of Xom the Psychopath
  1991 | D:4      | Identified the amulet of Zuguaj Dee {+Rage Int+4 Slay+2}
  2036 | D:4      | Got a bound brass amulet
  2070 | D:4      | Noticed Eustachio
  2072 | D:4      | Identified the amulet "Piotoaj" {RegenMP Str+6 Int+2} (You
                  | found it on level 4 of the Dungeon)
  2082 | D:4      | XOM: potion effect (haste)
  2093 | D:4      | XOM: divination: magic mapping
  2120 | D:4      | Killed Eustachio
  2120 | D:4      | Reached skill level 5 in Axes
  2120 | D:4      | Reached skill level 5 in Shields
  2315 | D:5      | Entered Level 5 of the Dungeon
  2394 | D:5      | Reached XP level 7. HP: 36/63 MP: 5/5
  2399 | D:5      | XOM: summons 3 hostile demons
  2431 | D:5      | Found a glowing silver altar of Zin.
  2490 | D:5      | XOM: harmless Tmut miscast
  2561 | D:5      | XOM: noise
  2567 | D:5      | Reached skill level 6 in Axes
  2567 | D:5      | Reached skill level 5 in Armour
  2568 | D:5      | Found a staircase to the Ecumenical Temple.
  2590 | D:5      | XOM: chaos cloud
  2623 | Temple   | Entered the Ecumenical Temple
  3004 | D:5      | Found a snail-covered altar of Cheibriados.
  3243 | D:5      | XOM: harmless Tmut miscast
  3381 | D:5      | Found a stormy altar of Qazlal.
  3518 | D:5      | Found Tiypuenk's Jewellery Boutique.
  3649 | D:5      | Noticed Edmund
  3649 | D:5      | XOM: harmless Summ miscast
  3656 | D:5      | XOM: noise
  3661 | D:5      | Killed Edmund
  3661 | D:5      | Reached XP level 8. HP: 38/72 MP: 4/4
  3767 | D:6      | Found a white marble altar of Elyvilon.
  3810 | D:6      | XOM: harmless Hex miscast
  3901 | D:6      | Found a shimmering altar of Xom.
  3987 | D:6      | XOM: cleaving
  3991 | D:6      | Reached skill level 7 in Axes
  4068 | D:6      | XOM: torment (35/73 hp)
  4337 | D:6      | Found a sacrificial altar of Ru.
  4349 | D:6      | XOM: blink monster(s)
  4372 | D:6      | XOM: cleaving
  4410 | D:6      | Gained mutation: You can translocate small distances at
                  | will. [potion of mutation]
  4410 | D:6      | Gained mutation: Armour fits poorly on your strangely
                  | shaped body. [potion of mutation]
  4410 | D:6      | Gained mutation: You are partially covered in icy blue
                  | scales. (AC +2) [potion of mutation]
  4410 | D:6      | Gained mutation: You possess an exceptional clarity of
                  | mind. [potion of mutation]
  4480 | D:7      | Found a hide-covered altar of Uskayaw.
  4559 | D:7      | XOM: mild Air miscast
  4563 | D:7      | Reached skill level 8 in Axes
  4681 | D:7      | XOM: harmless Necr miscast
  4759 | D:7      | XOM: harmless Necr miscast
  4839 | D:7      | Found an ancient bone altar of Kikubaaqudgha.
  4839 | D:7      | Found a blossoming altar of Fedhas.
  4839 | D:7      | XOM: potion effect (curing)
  4847 | D:7      | XOM: scenery: create altars
  4848 | D:7      | Gained mutation: You passively map the area around you.
                  | [Deep Dwarf growth]
  4848 | D:7      | Reached XP level 9. HP: 65/80 MP: 5/5
  5070 | D:8      | Reached skill level 1 in Stealth
  5112 | D:8      | Noticed a two-headed ogre
  5126 | D:8      | Reached skill level 5 in Fighting
  5142 | D:8      | Mangled by an orc warrior

Levels and vault maps discovered:
D:1:      dpeg_arrival_pond, layout_rooms
D:2:      layout_rooms
D:3:      layout_basic, overflow_temple_1_default,
          nemelex_xobeh_ov_fountains_minmay
D:4:      layout_rooms, nicolae_xom_altar_mimics, uniq_eustachio
D:5:      layout_basic, marbit_many_paths, kennysheep_mini,
          kennysheep_little_box, minmay_temple_entry_trees, first_ration,
          serial_shops, shop, uniq_edmund
D:6:      layout_loops_ring, nicolae_overflow_crystal_walls, elyvilon_altar_1,
          basic_altar, minmay_microvault
D:7:      layout_rooms, grunt_temple_overflow_growth_and_decay,
          eat_drink_and_be_merry_uskayaw, minmay_manual_monstrance
D:8:      layout_loops_ring, erik_lair_orcish_takeover, uniq_maurice,
          uniq_joseph, uniq_pikel
Temple:   minmay_temple_bridge_abc

Skill      XL: |  1  2  3  4  5  6  7  8  9 |
---------------+----------------------------+-----
Fighting       | 3 4 5 |  5.0
Shields        | 4 5 6 7 |  7.2
Axes           | 3 4 5 6 8 |  8.6
Dodging        | 1 2 3 |  3.3
Armour         | 4 5 6 |  6.6
Stealth        | 1 |  1.1

Action                   |  1- 3 |  4- 6 |  7- 9 || total
-------------------------+-------+-------+-------++-------
Melee: War axe           |   113 |   146 |   389 ||   648
 Abil: Heal Wounds       |     1 |     5 |    16 ||    22
  Use: Scroll            |     5 |     4 |     4 ||    13
       Potion            |     2 |     5 |     3 ||    10
 Stab: Confused          |       |       |     1 ||     1
  Eat: Chunk             |       |     5 |     4 ||     9
       Ration            |       |       |     2 ||     2
Armor: Scale mail        |    80 |    69 |    93 ||   242
       Skin              |     6 |       |       ||     6
Dodge: Dodged            |    60 |    82 |   108 ||   250
Block: Shield            |   122 |   138 |   188 ||   448
       Reflection        |       |     2 |       ||     2
